 Dungeon Crawl Stone Soup version 0.26.1-11-gd32895ea62 (webtiles) character file.

Game seed: 13671225914598946056

124432 ABBCCCDDDD the Destroyer (level 17, -3/100 HPs)
             Began as a Kobold Conjurer on July 7, 2021.
             Was a High Priest of Sif Muna.
             Slain by a six-headed hydra simulacrum (15 damage)
             ... on level 4 of the Swamp.
             The game lasted 03:28:27 (51633 turns).

ABBCCCDDDD the Destroyer (Kobold Conjurer)         Turns: 51633, Time: 03:28:28

Health: -3/100     AC: 10    Str:  6    XL:     17   Next: 48%
Magic:  18/32      EV: 22    Int: 23    God:    Sif Muna [*****.]
Gold:   1401       SH:  6    Dex: 15    Spells: 10/38 levels left

rFire    . . .     SeeInvis .   O - +2 rapier (flame)
rCold    + . .     Faith    .   k - +0 buckler
rNeg     + . .     Spirit   .   J - +1 robe {rC+}
rPois    +         Reflect  .   (no helmet)
rElec    .         Harm     .   A - +2 cloak
rCorr    .         Rampage  .   W - +2 pair of gloves
Will     +....                  Y - +0 pair of boots
Stlth    +++++.....             P - amulet of regeneration
HPRegen  0.66/turn              U - ring of poison resistance
MPRegen  0.23/turn              N - ring of positive energy

@: slowed, very slow
A: small, nightstalker 3
a: Renounce Religion, Channel Magic, Forget Spell, Divine Exegesis


You were on level 4 of the Swamp.
You worshipped Sif Muna.
Sif Muna was extremely pleased with you.
You visited 6 branches of the dungeon, and saw 29 of its levels.
You also visited: Sewer.

You collected 2698 gold pieces.
You spent 1297 gold pieces at shops.

Inventory:

Hand Weapons
 O - a +2 rapier of flaming (weapon)
 Q - a +3 dagger
Missiles
 b - 11 boomerangs of dispersal
 K - 11 curare-tipped darts (quivered)
Armour
 k - a +0 buckler (worn)
 A - a +2 cloak (worn)
 J - a +1 robe of cold resistance (worn)
 W - a +2 pair of gloves (worn)
 Y - a +0 pair of boots (worn)
Jewellery
 p - a +6 ring of intelligence
 y - an uncursed ring of protection from cold
 F - an uncursed ring of protection from fire
 N - a ring of positive energy (right hand)
 P - an amulet of regeneration (around neck)
 U - a ring of poison resistance (left hand)
 X - an uncursed amulet of reflection
Wands
 c - a wand of enslavement (10)
 f - a wand of paralysis (2)
 j - a wand of digging (9)
 q - a wand of polymorph (5)
 B - a wand of flame (1)
 I - a wand of iceblast (4)
Scrolls
 e - a scroll of holy word
 g - 9 scrolls of remove curse
 n - 5 scrolls of immolation
 r - 3 scrolls of fog
 s - a scroll of magic mapping
 u - 8 scrolls of teleportation
 v - 3 scrolls of vulnerability
 x - a scroll of blinking
 C - 2 scrolls of enchant armour
 E - 2 scrolls of fear
 H - 8 scrolls of enchant weapon
 L - a scroll of summoning
 S - 2 scrolls of silence
Potions
 a - 4 potions of lignification
 d - 5 potions of haste
 h - 8 potions of magic
 i - 8 potions of flight
 l - 3 potions of berserk rage
 m - a potion of cancellation
 t - 6 potions of might
 w - 2 potions of resistance
 z - 10 potions of heal wounds
 D - 10 potions of curing
 G - a potion of brilliance
 R - 2 potions of invisibility {unknown}
 T - 4 potions of ambrosia
Miscellaneous
 o - a phial of floods (inert)
 M - a phantom mirror
 V - a tin of tremorstones (2/2)


   Skills:
 - Level 9.0 Fighting
 - Level 10.4 Dodging
 - Level 8.0 Stealth
 - Level 5.6 Shields
 + Level 11.3 Spellcasting
 - Level 14.0 Conjurations
 - Level 5.0 Hexes
 - Level 3.0 Translocations
 - Level 13.3 Ice Magic
 - Level 11.0 Air Magic
 - Level 5.1 Invocations
 - Level 8.0 Evocations


You had 10 spell levels left.
You knew the following spells:

 Your Spells              Type           Power        Failure   Level
a - Ozocubu's Refrigerat  Ice            32%          3%          6
b - Searing Ray           Conj           100%         1%          2
c - Iskenderun's Mystic   Conj/Tloc      51%          1%          4
d - Freezing Cloud        Conj/Ice/Air   32%          4%          6
e - Ensorcelled Hibernat  Hex/Ice        100%         1%          2
f - Cause Fear            Hex            18%          6%          4
g - Swiftness             Air            59%          1%          2
h - Blink                 Tloc           N/A          2%          2

Your spell library contained the following spells:

 Spells                   Type           Power        Failure   Level
 Magic Dart               Conj           100%         0%          1
 Apportation              Tloc           52%          1%          1
 Corona                   Hex            40%          1%          1
 Shock                    Conj/Air       100%         1%          1
 Poisonous Vapours        Pois/Air       76%          1%          2
 Slow                     Hex            36%          1%          2
 Confusing Touch          Hex            36%          1%          3
 Conjure Flame            Conj/Fire      45%          1%          3
 Dazzling Flash           Conj/Hex       100%         1%          3
 Frozen Ramparts          Ice            100%         1%          3
 Mephitic Cloud           Conj/Pois/Air  50%          1%          3
 Static Discharge         Conj/Air       63%          1%          3
 Tukima's Dance           Hex            36%          1%          3
 Airstrike                Air            29%          1%          4
 Fulminant Prism          Conj/Hex       27%          1%          4
 Lightning Bolt           Conj/Air       31%          1%          5
 Ice Form                 Ice/Tmut       43%          3%          4
 Metabolic Englaciation   Hex/Ice        26%          3%          5
 Beastly Appendage        Tmut           26%          4%          1
 Sting                    Tmut/Pois      52%          4%          1
 Silence                  Hex/Air        24%          4%          5
 Conjure Ball Lightning   Conj/Air       31%          4%          6
 Call Imp                 Summ           13%          8%          2
 Wereblood                Tmut           13%          8%          2
 Ignite Poison            Fire/Tmut/Pois 13%          14%         3
 Spider Form              Tmut/Pois      6%           14%         3
 Olgreb's Toxic Radiance  Pois           13%          43%         4
 Yara's Violent Unravell  Hex/Tmut       12%          43%         5
 Simulacrum               Ice/Necr       21%          43%         6
 Alistair's Intoxication  Tmut/Pois      8%           80%         5
 Blade Hands              Tmut           6%           80%         5
 Discord                  Hex            18%          100%        8


Dungeon Overview and Level Annotations

Branches:
Dungeon (15/15)            Temple (0/1) D:6            Lair (6/6) D:10
  Swamp (4/4) Lair:4        Snake (1/4) Lair:3        Slime (0/5) Lair:5
    Orc (2/2) D:11            Elf (1/3) Orc:2        Vaults (0/5) D:14
 Depths (0/5) D:15          Sewer (visited)

Altars:
Qazlal
Ru
Sif Muna
Trog
Uskayaw
Yredelemnul
Zin

Shops:
D:13 =:   Orc:2 ![?*

Annotations:
D:5 Pikel
D:9 3 runed translucent doors
Lair:1 exclusion: downstairs
Lair:3 exclusion: downstairs, Gastronok, Snorg
Swamp:1 exclusion: downstairs
Swamp:2 2 transporters
Elf:1 Roxanne


Innate Abilities, Weirdness & Mutations

You are small and have problems with some larger weapons.
You are completely attuned to the shadows.


Message History

The freezing wraith is unaffected.
The freezing wraith completely misses you.
The freezing wraith hits you.
The six-headed hydra simulacrum closely misses you.
The six-headed hydra simulacrum barely misses you.
The six-headed hydra simulacrum bites you!
The six-headed hydra simulacrum freezes you!
You resist.
* * * LOW HITPOINT WARNING * * *
The six-headed hydra simulacrum bites you.
* * * LOW HITPOINT WARNING * * *
The six-headed hydra simulacrum freezes you!
You resist.
* * * LOW HITPOINT WARNING * * *
The six-headed hydra simulacrum bites you but does no damage.
The six-headed hydra simulacrum bites you.
* * * LOW HITPOINT WARNING * * *
The six-headed hydra simulacrum freezes you!
You resist.
You die...

≈≈≈ #≈.≈≈♣♣ ♣♣♣♣.≈≈≈≈≈≈
#.≈(≈≈♣♣♣....≈≈≈≈≈≈.
.#♣≈≈.≈≈≈♣....≈≈≈≈≈≈≈≈..
.....≈≈W♣.≈...≈≈..≈≈≈§≈≈≈
#≈.≈≈Z@.........≈).≈≈≈.
#≈≈.....♣♣..≈≈..≈.≈≈.♣♣
♣♣≈≈♣♣♣♣♣♣♣♣..≈≈.......
♣≈≈♣♣ ♣≈§≈....≈≈≈≈ ♣♣♣♣
♣♣♣♣ ♣♣...≈.≈≈≈≈♣ ♣♣.≈♣
♣§..≈≈≈≈.≈♣ ♣.≈≈♣
♣♣[.≈≈≈.≈.♣
♣≈≈≈♣♣♣♣♣≈....≈≈≈♣
♣.≈≈.♣≈≈♣≈≈.≈.≈≈.♣


You could see a freezing wraith and a six-headed hydra simulacrum.

Vanquished Creatures
  2 thorn hunters
  3 bunyips
  Josephine (Lair:4)
  5 ghost crabs
  4 boulder beetles
  2 catoblepae
  2 centaur warriors
  14 hydras
  4 ogre magi
  An anaconda (Swamp:1)
  2 dancing weapons (D:14)
  6 alligators
  18 two-headed ogres
  6 death yaks
  A deep troll shaman (Lair:6)
  5 skeletal warriors
  A spriggan druid (Swamp:2)
  2 unseen horrors
  2 goliath frogs
  5 bog bodies
  2 deep trolls (Orc:2)
  2 swamp dragons
  An orc knight (D:13)
  9 oklob plants
  A frost giant zombie (D:15)
  A necromancer (D:15)
  5 ugly things
  2 salamanders (Snake:1)
  3 will-o-the-wisps
  2 manticores (D:12)
  3 cyclopes
  3 centaur zombies
  4 elephants (Lair:6)
  3 black mambas
  3 gargoyles
  12 cane toads
  2 freezing wraiths (Swamp:4)
  4 rime drakes
  An efreet (D:15)
  2 kobold demonologists
  A spriggan zombie (D:15)
  12 komodo dragons
  13 trolls
  2 bloated husks (Swamp:3)
  8 tyrant leeches
  2 polar bears
  5 hornets
  Grinder (D:4)
  14 blink frogs
  10 slime creatures
  8 dream sheep
  A meliai zombie (D:13)
  7 spriggans
  2 wyverns (D:13)
  A basilisk (Lair:2)
  8 wraiths
  60 yaks
  A golden eye (shapeshifter) (D:13)
  2 swamp worm simulacra (Swamp:4)
  A warg (Orc:1)
  9 swamp worms
  2 nagas (Lair:3)
  A soldier ant (D:15)
  24 water moccasins
  A hydra simulacrum (Swamp:4)
  15 orc warriors
  13 ice beasts
  5 black bears
  3 eyes of draining
  2 necrophages
  2 sky beasts
  2 phantoms
  18 wolves
  34 ogres
  6 centaurs
  A lemure (D:5)
  5 big kobolds
  A yaktaur zombie (D:15)
  Blork the orc (D:9)
  A wyvern zombie (D:10)
  28 bullfrogs
  2 wyvern skeletons
  A scorpion (D:13)
  4 killer bees (D:12)
  12 wights
  3 electric eels
  A vampire bat (Lair:5)
  3 howler monkeys
  A bullfrog zombie (D:6)
  2 quasits
  5 hounds
  18 orc wizards
  12 orc priests
  2 bullfrog skeletons
  3 centaur skeletons
  An iguana (D:9)
  Ijyb (D:3)
  9 worker ants
  A hound zombie (D:10)
  A hound skeleton (D:6)
  15 adders
  8 gnolls
  4 river rats
  A shadow imp (D:9)
  2 white imps
  2 ufetubi
  5 oozes
  A swamp drake simulacrum (Swamp:4)
  An adder zombie (D:5)
  2 adder skeletons
  4 worms
  2 dart slugs
  6 leopard geckos
  60 orcs
  3 ball pythons
  4 giant cockroaches
  6 goblins
  6 hobgoblins
  15 jackals
  21 kobolds
  4 quokkas
  21 bats
  6 frilled lizards
  A quokka skeleton (D:7)
  11 rats
  9 briar patches (Swamp:4)
786 creatures vanquished.

Vanquished Creatures (others)
  A swamp dragon (Swamp:4)
  A will-o-the-wisp (Swamp:4)
  3 bloated husks
  A swamp worm (Swamp:4)
  A centaur (D:13)
  A jelly (D:13)
  3 foxfires (Swamp:3)
  65 fungi
  76 plants
  5 withered plants (D:15)
157 creatures vanquished.

Grand Total: 943 creatures vanquished

Notes
Turn   | Place    | Note
-------+----------+-------------------------------------------
     0 | D:1      | ABBCCCDDDD the Kobold Conjurer began the quest for the Orb.
     0 | D:1      | Reached XP level 1. HP: 10/10 MP: 3/3
     6 | D:1      | Noticed a black mamba
    67 | D:1      | Noticed a black bear
    68 | D:1      | Noticed a hound
   372 | D:1      | Reached XP level 2. HP: 15/15 MP: 1/5
  1456 | D:2      | Reached XP level 3. HP: 19/19 MP: 4/6
  2280 | D:2      | Reached skill level 1 in Shields
  2695 | D:2      | Found a basalt altar of Yredelemnul.
  2695 | D:2      | Found a stormy altar of Qazlal.
  2696 | D:2      | Found a sacrificial altar of Ru.
  2727 | D:2      | Reached XP level 4. HP: 16/24 MP: 0/7
  3246 | D:2      | Reached XP level 5. HP: 28/28 MP: 2/8
  3523 | D:2      | Learned a level 2 spell: Searing Ray
  3894 | D:3      | Noticed Ijyb
  4458 | D:3      | Killed Ijyb
  4850 | D:3      | Reached skill level 1 in Evocations
  4850 | D:3      | Reached XP level 6. HP: 27/32 MP: 4/9
  5031 | D:3      | Found a shimmering blue altar of Sif Muna.
  5036 | D:3      | Became a worshipper of Sif Muna the Loreminder
  5043 | D:3      | Found a bloodstained altar of Trog.
  5048 | D:3      | Found a glowing silver altar of Zin.
  5414 | D:5      | Entered Level 5 of the Dungeon
  5441 | D:4      | Got a bloodstained shortbow
  5460 | D:4      | Noticed Grinder
  5467 | D:4      | Killed Grinder
  5468 | D:4      | Reached XP level 7. HP: 36/36 MP: 10/10
  5726 | D:5      | Noticed Pikel
  6062 | D:5      | Found a glowing drain.
  6068 | Sewer    | Entered a sewer
  6203 | Sewer    | Reached skill level 5 in Shields
  6451 | Sewer    | Reached * piety under Sif Muna
  6805 | D:5      | Reached XP level 8. HP: 41/41 MP: 7/11
  7135 | D:4      | Reached skill level 5 in Evocations
  9220 | D:6      | Found a staircase to the Ecumenical Temple.
  9249 | D:6      | Reached skill level 5 in Conjurations
  9508 | D:6      | Identified the cursed +1 shortbow of Disorder {flame, +Fly}
                  | (You found it on level 4 of the Dungeon)
  9994 | D:7      | Reached ** piety under Sif Muna
 10115 | D:7      | Reached XP level 9. HP: 45/45 MP: 9/14
 10296 | D:7      | Reached skill level 5 in Dodging
 10444 | D:7      | Reached skill level 6 in Conjurations
 10481 | D:7      | Learned a level 4 spell: Iskenderun's Mystic Blast
 10615 | D:7      | Reached skill level 1 in Translocations
 11402 | D:7      | Reached skill level 7 in Conjurations
 11812 | D:8      | Reached skill level 1 in Fighting
 12486 | D:8      | Reached skill level 8 in Conjurations
 12599 | D:8      | Reached XP level 10. HP: 55/55 MP: 13/17
 12698 | D:8      | Noticed a two-headed ogre
 12703 | D:8      | Killed a two-headed ogre
 12704 | D:8      | Reached skill level 5 in Spellcasting
 12823 | D:8      | Reached skill level 9 in Conjurations
 13364 | D:9      | Reached *** piety under Sif Muna
 13606 | D:8      | Reached skill level 5 in Fighting
 13768 | D:9      | Reached skill level 10 in Conjurations
 14269 | D:9      | Reached XP level 11. HP: 63/63 MP: 12/20
 14291 | D:9      | Noticed Blork the orc
 14295 | D:9      | Killed Blork the orc
 14577 | D:9      | Found a runed translucent gate.
 14578 | D:9      | Found a runed translucent gate.
 14578 | D:9      | Noticed a glowing orange brain
 14579 | D:9      | Found a runed translucent gate.
 14579 | D:9      | Noticed a green ugly thing
 14579 | D:9      | Noticed a red ugly thing
 14580 | D:9      | Noticed a purple ugly thing
 14644 | D:9      | Noticed a purple very ugly thing
 14646 | D:9      | Noticed a green ugly thing
 14673 | D:10     | Entered Level 10 of the Dungeon
 14704 | D:10     | Found a staircase to the Lair.
 15007 | D:10     | Reached **** piety under Sif Muna
 15859 | D:10     | Learned a level 6 spell: Freezing Cloud
 16018 | Lair:1   | Entered Level 1 of the Lair of Beasts
 16068 | Lair:1   | Reached skill level 1 in Invocations
 16239 | Lair:1   | Reached skill level 1 in Ice Magic
 16699 | Lair:1   | Noticed a seven-headed hydra
 16705 | Lair:1   | Killed a seven-headed hydra
 16706 | Lair:1   | Reached skill level 11 in Conjurations
 17337 | Lair:1   | Reached XP level 12. HP: 48/68 MP: 6/21
 18364 | Lair:2   | Reached skill level 1 in Air Magic
 18480 | Lair:2   | Reached skill level 5 in Invocations
 19085 | Lair:1   | Reached skill level 5 in Ice Magic
 20174 | Lair:3   | Noticed a boulder beetle
 20211 | Lair:3   | Killed a boulder beetle
 20375 | Lair:3   | Reached ***** piety under Sif Muna
 20448 | Lair:3   | Found a staircase to the Snake Pit.
 20456 | Lair:3   | Received a gift from Sif Muna
 20553 | Lair:3   | Learned a level 3 spell: Mephitic Cloud
 20730 | Lair:3   | Noticed Snorg
 20804 | Lair:3   | Noticed Gastronok
 21384 | D:11     | Reached XP level 13. HP: 62/76 MP: 5/22
 21490 | D:11     | Found a staircase to the Orcish Mines.
 22218 | D:12     | Reached skill level 10 in Dodging
 22383 | D:12     | Reached skill level 5 in Stealth
 22750 | D:12     | You fall into a shaft and drop 3 floors!
 22750 | D:15     | Entered Level 15 of the Dungeon
 22754 | D:15     | Found a staircase to the Depths.
 23155 | D:12     | Noticed a six-headed hydra
 23163 | D:12     | Killed a six-headed hydra
 24719 | D:12     | Reached skill level 12 in Conjurations
 25214 | Orc:1    | Entered Level 1 of the Orcish Mines
 25374 | Orc:2    | Entered Level 2 of the Orcish Mines
 25412 | Orc:2    | Found a staircase to the Elven Halls.
 25987 | Orc:2    | Reached XP level 14. HP: 76/82 MP: 23/23
 26141 | Orc:2    | Received a gift from Sif Muna
 26142 | Orc:2    | Reached skill level 5 in Air Magic
 26632 | Orc:2    | Learned a level 4 spell: Cause Fear
 27713 | Orc:2    | Found Zycuatu's Distillery.
 27719 | Orc:2    | Found Ycilix's Magic Scroll Boutique.
 27724 | Orc:2    | Bought a scroll of teleportation for 33 gold pieces
 27724 | Orc:2    | Bought a scroll of teleportation for 33 gold pieces
 27724 | Orc:2    | Bought a scroll of identify for 22 gold pieces
 27724 | Orc:2    | Bought a scroll of enchant armour for 82 gold pieces
 27724 | Orc:2    | Bought a scroll of magic mapping for 38 gold pieces
 27724 | Orc:2    | Bought a scroll of random uselessness for 11 gold pieces
 27724 | Orc:2    | Bought a scroll of amnesia for 38 gold pieces
 27724 | Orc:2    | Bought a scroll of blinking for 82 gold pieces
 27724 | Orc:2    | Bought a scroll of identify for 22 gold pieces
 28005 | Orc:2    | Found Fuabbourasse's General Store.
 28010 | Orc:2    | Bought a scroll of identify for 30 gold pieces
 28010 | Orc:2    | Bought a potion of haste for 150 gold pieces
 28010 | Orc:2    | Found Vykonafezie's Antique Armour Boutique.
 28015 | Orc:2    | Bought a distressingly furry ring mail for 306 gold pieces
 28017 | Orc:2    | Identified the +2 ring mail of Unambiguity {rPois Str+6}
                  | (You bought it in a shop on level 2 of the Orcish Mines)
 28649 | Lair:4   | Found a staircase to the Swamp.
 28656 | Lair:4   | Reached skill level 10 in Ice Magic
 29710 | Lair:4   | Noticed Josephine
 29766 | Lair:4   | Killed Josephine
 30168 | Lair:4   | Found a hide-covered altar of Uskayaw.
 31176 | Lair:5   | Identified Sif Muna's Reference Book on Icy Air (Sif Muna
                  | gifted it to you on level 5 of the Lair of Beasts)
 31176 | Lair:5   | Received a gift from Sif Muna
 31390 | Lair:5   | Learned a level 2 spell: Swiftness
 31739 | Lair:5   | Reached XP level 15. HP: 51/87 MP: 14/24
 31985 | Lair:5   | Learned a level 2 spell: Blink
 32267 | Lair:5   | Reached skill level 13 in Conjurations
 32385 | Lair:6   | Entered Level 6 of the Lair of Beasts
 32796 | Lair:6   | Reached skill level 10 in Air Magic
 34306 | Lair:5   | Found a staircase to the Slime Pits.
 37003 | Swamp:1  | Entered Level 1 of the Swamp
 37876 | Orc:2    | Learned a level 3 spell: Conjure Flame
 38204 | D:13     | Found Xatreag's Jewellery Shop.
 38536 | D:13     | Found Gexokautt's Book Shoppe.
 39292 | D:13     | Bought a book of Maledictions for 450 gold pieces
 39296 | D:13     | Learned a level 2 spell: Ensorcelled Hibernation
 39483 | D:14     | Found a gate to the Vaults.
 39496 | D:15     | Reached XP level 16. HP: 96/96 MP: 21/25
 39703 | D:14     | Reached skill level 14 in Conjurations
 39904 | D:15     | Identified Sif Muna's Grimoire of Shifting Air (Sif Muna
                  | gifted it to you on level 15 of the Dungeon)
 39904 | D:15     | Received a gift from Sif Muna
 40173 | D:14     | Found a sacrificial altar of Ru.
 40676 | D:14     | Reached skill level 1 in Hexes
 41694 | Elf:1    | Entered Level 1 of the Elven Halls
 41694 | Elf:1    | Noticed Roxanne
 41915 | Snake:1  | Entered Level 1 of the Snake Pit
 43358 | Swamp:1  | Noticed a thorn hunter
 43546 | Swamp:2  | Identified the ring "Hoskite" {Wiz *Slow +Blink rElec}
 43812 | Swamp:2  | Found a transporter.
 44056 | Swamp:2  | Reached skill level 5 in Hexes
 44277 | Swamp:2  | Found a transporter.
 45242 | Swamp:1  | Learned a level 6 spell: Ozocubu's Refrigeration
 45339 | Swamp:4  | Entered Level 4 of the Swamp
 45489 | Swamp:4  | Noticed a thorn hunter
 46976 | D:13     | Got bloodstained ice dragon scales
 47849 | D:15     | Identified the +5 ice dragon scales of the Valley of Death
                  | {Harm rF- rC++ MP+9 Str+2 Dex-2} (You found it on level 13
                  | of the Dungeon)
 47921 | D:15     | Reached XP level 17. HP: 80/100 MP: 5/30
 48998 | Swamp:1  | Killed a thorn hunter
 48999 | Swamp:1  | Reached skill level 10 in Spellcasting
 49980 | Swamp:3  | Noticed a thorn hunter
 50110 | Swamp:3  | Killed a thorn hunter
 51496 | Swamp:4  | Identified Sif Muna's Papyrus of Air and Displacement (Sif
                  | Muna gifted it to you on level 4 of the Swamp)
 51496 | Swamp:4  | Received a gift from Sif Muna
 51633 | Swamp:4  | Slain by a six-headed hydra simulacrum

Illustrated notes

Levels and vault maps discovered:
D:1:      onia_arrival_zoo_common, layout_loops_corners, dk_noncrumbling_4
D:2:      kennysheep_six_static_rooms, layout_basic,
          chequers_temple_overflow_statue_of_worship
D:3:      layout_basic, minmay_overflow_temple_star_quad, uniq_ijyb
D:4:      layout_gridville, minmay_three_crescents, uniq_grinder
D:5:      layout_loops_cross, lightli_sewer_entry_pipes, uniq_pikel
D:6:      layout_gridville, minmay_temple_entry_grid
D:7:      layout_basic, st_stairs_7
D:8:      layout_gridville
D:9:      layout_rooms, ploomutoo_gammafunk_ghost_potion_laboratory,
          sword_in_stone
D:10:     layout_long_grid, lair_entry_dummy, serial_bayou_pond_b
D:11:     layout_basic, orc_0_dummy
D:12:     layout_irregular_city
D:13:     minmay_octagon_keep, layout_cave_pools, serial_shops, shop,
          portal_ice_cave_entry_ice_beasts, dk_noncrumbling_3,
          minmay_shop_enchanted_jewellery
D:14:     layout_layer_cave, erik_vaults_1, hangedman_abyss_or_decor_stabs,
          enter_bailey_2, basic_altar
D:15:     gammafunk_depths_entry_grave, layout_cross, minmay_misc_feat_alley
Lair:1:   layout_layer_cave, serial_bayou_shore_b
Lair:2:   layout_cave_pods, infiniplex_staircase_pool
Lair:3:   nzn_winding_woodlands_small [nzn_winding_woodlands_5x15_pool,
          nzn_winding_woodlands_center_diamonds,
          nzn_winding_woodlands_5x15_garden], layout_gridlike,
          guppyfry_snake_entry_garden, lemuel_fruit_tree, uniq_snorg,
          uniq_gastronok
Lair:4:   layout_gridlike, minmay_swamp_entry_eels, basic_altar,
          serial_bayou_shore_b, uniq_josephine
Lair:5:   layout_roguey, minmay_slime_entry_oklob_open, st_stairs_3,
          minivault_11, eino_small_chamber_without_monster, serial_bayou_pond_b,
          roderic_batcave, forest_entry_grove
Lair:6:   grunt_lair_end_beastmaster, layout_small_grid, nzn_sisyphean_effort,
          minmay_lair_oklob_chamber
Swamp:1:  layout_falls_marsh, serial_swamp_ruin, hangedman_swamp_ruin_wall,
          evilmike_swamp_ruin_house_6, evilmike_swamp_ruin_rubble_1,
          nicolae_swamp_snake_nest
Swamp:2:  gammafunk_sealed_arena, layout_falls_marsh,
          evilmike_swamp_ruin_house_1
Swamp:3:  layout_falls_marsh, nicolae_swamp_fairy_circle
Swamp:4:  swamp_icy, layout_basic_swamp, hangedman_swamp_cone, swamp_pool1,
          nicolae_swamp_spriggan_camp
Snake:1:  layout_rooms, basic_altar, serial_bayou_shore_a, grunt_megastairs_4,
          serial_bayou_shore_b
Orc:1:    layout_caves
Orc:2:    st_orc_open, layout_diamond_mine, mines2_lemuel
Elf:1:    layout_rooms, basic_altar, minivault_28, uniq_roxanne, uniq_aizul

Skill      XL: |  1  2  3  4  5  6  7  8  9 10 11 12 13 14 15 16 17 |
---------------+----------------------------------------------------+-----
Stealth        | 3 4 8 |  8.0
Dodging        | 3 4 5 7 9 10 | 10.4
Shields        | 1 2 3 4 5 |  5.6
Evocations     | 1 2 4 5 8 |  8.0
Spellcasting   | 3 4 6 9 11 | 11.3
Conjurations   | 5 8 10 11 12 13 14 | 14.0
Translocations | 2 3 |  3.0
Fighting       | 2 5 7 9 |  9.0
Invocations    | 4 5 |  5.1
Ice Magic      | 3 7 8 10 11 13 | 13.3
Air Magic      | 2 4 9 11 | 11.0
Hexes          | 5 |  5.0

Action                   |  1- 3 |  4- 6 |  7- 9 | 10-12 | 13-15 | 16-18 || total
-------------------------+-------+-------+-------+-------+-------+-------++-------
Melee: Dagger            |     3 |    13 |    24 |    21 |    41 |    16 ||   118
       Mace              |       |       |     9 |    11 |     2 |       ||    22
       Rapier            |       |       |       |       |       |    30 ||    30
Throw: Dart              |     6 |     7 |     1 |       |     3 |       ||    17
 Cast: Magic Dart        |    85 |    95 |   108 |    16 |    11 |       ||   315
       Searing Ray       |       |     2 |    70 |   164 |   422 |   149 ||   807
       Mephitic Cloud    |       |       |       |       |     2 |       ||     2
       Iskenderun's Myst |       |       |       |       |     6 |     1 ||     7
       Conjure Flame     |       |       |       |       |     5 |     1 ||     6
       Blink             |       |       |       |       |     3 |       ||     3
       Swiftness         |       |       |       |       |     3 |       ||     3
       Freezing Cloud    |       |       |       |       |     2 |    16 ||    18
       Ensorcelled Hiber |       |       |       |       |       |    47 ||    47
       Ozocubu's Refrige |       |       |       |       |       |    87 ||    87
       Cause Fear        |       |       |       |       |       |     3 ||     3
Evoke: Wand              |       |     3 |     5 |     8 |    30 |    37 ||    83
       Phial of floods   |       |       |       |       |     1 |     2 ||     3
  Use: Scroll            |       |     5 |     4 |     9 |    20 |     9 ||    47
       Potion            |       |       |       |       |     6 |       ||     6
 Stab: Paralysed         |       |     9 |     3 |    18 |    10 |       ||    40
       Sleeping          |       |     1 |     8 |     3 |    18 |    24 ||    54
Armor: Robe              |     1 |     1 |    14 |    19 |    67 |    54 ||   156
Dodge: Dodged            |    14 |    28 |    85 |   150 |   541 |   287 ||  1105
Block: Buckler           |     3 |    15 |    30 |    65 |   185 |    99 ||   397
